 Dungeon Crawl Stone Soup version 0.31.0-9-g3a7656b989 (webtiles) character file.

Game seed: 14506304180815871607

12 bigkahunaiguess the Trooper (level 2, 0/24 HPs)
             Began as a Demonspawn Monk on Jan 24, 2024.
             Slain by a giant cockroach (1 damage)
             ... on level 3 of the Dungeon.
             The game lasted 00:01:36 (237 turns).

bigkahunaiguess the Trooper (Demonspawn Monk)        Turns: 237, Time: 00:01:37

Health: 0/24       AC:  2    Str: 11    XL:     2   Next: 20%
Magic:  2/2        EV: 15    Int: 10    God:
Gold:   9          SH:  0    Dex: 15    Spells: 1/1 levels left

rFire   . . .        a - +0 hand axe
rCold   . . .        d - orb {light}
rNeg    . . .        b - +0 robe
rPois   .            (no helmet)
rElec   .            (no cloak)
rCorr   .            (no gloves)
SInv    .            (no boots)
Will    .....        (no amulet)
Stlth   +            (no ring)
HPRegen 0.24/turn    (no ring)
MPRegen 0.08/turn

%: no passive effects
@: glowing
A: repulsion field 1
a: no special abilities


You were on level 3 of the Dungeon.
You visited 1 branch of the dungeon, and saw 3 of its levels.

You collected 9 gold pieces.

Inventory:

Hand Weapons
 a - a +0 hand axe (weapon)
 g - a +0 spear
Missiles
 e - 5 darts of dispersal (quivered)
Armour
 b - a +0 robe (worn)
 d - an orb of light (worn)
Talismans
 h - a beast talisman
Scrolls
 i - a scroll of enchant armour {unknown}
Potions
 c - a potion of ambrosia
 f - a potion of curing {unknown}


   Skills:
 + Level 3.2 Fighting
 + Level 2.9 Axes
 + Level 2.9 Dodging


You had one spell level left.
You didn't know any spells.
Your spell library contained the following spells:

 Spells                   Type           Power      Damage    Failure   Level
 Apportation              Tloc           0%         N/A       36%         1
 Necrotise                Necr           0%         1d4       36%         1
 Sting                    Conj/Alch      0%         1d3       36%         1
 Summon Small Mammal      Summ           0%         N/A       36%         1


Dungeon Overview and Level Annotations

Branches:
Dungeon (3/15)

Altars:


Innate Abilities, Weirdness & Mutations

You are surrounded by a mild repulsion field. (EV +2)


Message History

The kobold barely misses you.
The iguana bites you but does no damage.
The bat closely misses you. The giant cockroach barely misses you.
You hit the iguana but do no damage.
The iguana is moderately wounded.
You hit the bat.
You kill the bat!
You hit the kobold.
You hit the giant cockroach but do no damage.
The kobold hits you with a +0 dagger. The iguana bites you!
* * * LOW HITPOINT WARNING * * *
The giant cockroach misses you. The kobold completely misses you.
The iguana completely misses you.
You hit the iguana.
The iguana is heavily wounded.
You hit the giant cockroach but do no damage.
You hit the kobold but do no damage. The giant cockroach closely misses you.
The kobold barely misses you. The iguana misses you.
The giant cockroach bites you but does no damage.
You hit the iguana but do no damage.
The iguana is heavily wounded.
You hit the kobold.
You kill the kobold!
You hit the giant cockroach but do no damage.
The iguana misses you.
The giant cockroach completely misses you.
You hit the iguana.
The iguana is almost dead.
You barely miss the giant cockroach.
The giant cockroach bites you but does no damage.
The iguana barely misses you. The iguana attacks as it pursues you!
The iguana bites you.
* * * LOW HITPOINT WARNING * * *
You see here a bat corpse.
You hit the giant cockroach.
The giant cockroach is almost dead.
You hit the iguana but do no damage.
The giant cockroach bites you but does no damage.
The iguana misses you. The giant cockroach bites you.
You die...

###### #....# #
#....# . #....#
#. #)...#
..#.#####....####
.................
#.#..@.....####
#..Bl....#
#....##### #.>.)#
#......# #......#
#.#....# #.#....#
# #....#


You could see an iguana and a giant cockroach.

Vanquished Creatures
  A ball python (D:2)
  A bat (D:3)
  An endoplasm (D:2)
  A giant cockroach (D:2)
  2 hobgoblins (D:2)
  A frilled lizard (D:2)
  2 kobolds (D:3)
  2 rats (D:2)
11 creatures vanquished.

Notes
Turn   | Place    | Note
-------+----------+-------------------------------------------
     0 | D:1      | bigkahunaiguess the Demonspawn Monk began the quest for the
                  | Orb.
     0 | D:1      | Reached XP level 1. HP: 18/18 MP: 1/1
   180 | D:2      | Gained mutation: You are surrounded by a mild repulsion
                  | field. (EV +2) [demonic ancestry]
   180 | D:2      | Reached XP level 2. HP: 22/24 MP: 2/2
   231 | D:3      | HP: 1/24 [iguana (8)]
   237 | D:3      | Slain by a giant cockroach

Illustrated notes

Levels and vault maps discovered:
D:1:      heliophobic_arrival_enchanted_forest, layout_rooms, serial_shops,
          nicolae_shop_bloodbath_and_beyond,
          ebering_ecumenical_altar_sacrificial
D:2:      layout_rooms, serial_park_tiny_1
D:3:      kennysheep_goblin_castle, layout_basic

Action                     || total
---------------------------++-------
  Melee: Hand axe          ||    25
 Armour: Robe              ||    24
  Dodge: Dodged            ||    36
